 Dungeon Crawl Stone Soup version 0.24-a0-730-g011b83a (webtiles) character file.

Game seed: 4977632399408364349, levelgen mode: deterministic

610 pkoi the Conjurer (level 7, -7/56 HPs)
             Began as a Green Draconian Conjurer on Oct 1, 2019.
             Was an Initiate of Vehumet.
             Mangled by a polar bear (16 damage)
             ... on level 8 of the Dungeon.
             The game lasted 00:09:21 (5440 turns).

pkoi the Conjurer (Green Draconian Conjurer)        Turns: 5440, Time: 00:09:21

Health: -7/56      AC:  7    Str:  9 (10) XL:     7   Next: 20%
Magic:  4/11       EV: 13    Int: 16 (18) God:    Vehumet [......]
Gold:   244        SH:  0    Dex:  9 (11) Spells: 6/12 levels left

rFire    . . .     SeeInvis .   q - +4 quarterstaff (chaos)
rCold    . . .     Gourm    .   (shield currently unavailable)
rNeg     . . .     Faith    .   (armour unavailable)
rPois    +         Spirit   .   (helmet restricted)
rElec    .         Reflect  .   r - +0 cloak
rCorr    .         Harm     .   (no gloves)
MR       .....                  (no boots)
Stlth    ++........             m - amulet of regeneration
HPRegen  0.58/turn              i - ring of wizardry
MPRegen  0.12/turn              (no ring)

@: no status effects
A: breathe noxious fumes, unfitting armour, poison resistance, cold-blooded, AC
+6
a: Breathe Noxious Fumes, Renounce Religion


You were on level 8 of the Dungeon.
You worshipped Vehumet.
Vehumet was noncommittal.
You were hungry.

You visited 2 branches of the dungeon, and saw 7 of its levels.

You collected 244 gold pieces.

Inventory:

Hand Weapons
 c - a +0 spear
 g - a +1 long sword of protection
 q - a +4 quarterstaff of chaos (weapon)
 v - a +2 falchion of electrocution
Missiles
 d - 39 poisoned darts (quivered)
Armour
 r - a +0 cloak (worn)
Jewellery
 i - a ring of wizardry (left hand)
 m - an amulet of regeneration (around neck)
 o - an uncursed ring of ice
Wands
 t - a wand of enslavement (13)
Scrolls
 a - a scroll of remove curse
 e - a scroll of amnesia {unknown}
 h - 4 scrolls of teleportation
 l - 2 scrolls of identify
 n - a scroll of fog
 u - a scroll of random uselessness {unknown}
Potions
 f - 2 potions of curing
 j - a potion of mutation {!q}
 k - a potion of agility
 s - a potion of might {unknown}
 x - a potion of brilliance
Comestibles
 b - 9 rations
 p - 8 chunks of flesh


   Skills:
 + Level 2.7 Fighting
 - Level 0.4 Long Blades
 + Level 0.6 Staves
 + Level 3.2 Dodging
 - Level 1.7 Stealth
 + Level 3.1 Spellcasting
 + Level 6.5 Conjurations
 + Level 2.2 Hexes


You had 6 spell levels left.
You knew the following spells:

 Your Spells              Type           Power        Failure   Level  Hunger
a - Magic Dart            Conj           ###.         1%          1    None
b - Searing Ray           Conj           ###...       1%          2    ##.....
c - Dazzling Spray        Conj/Hex       ###...       4%          3    ###....

Your spell library contained the following spells:

 Spells                   Type           Power        Failure   Level  Hunger
 Iskenderun's Mystic Bla  Conj           ###.....     5%          4    ####...
 Fulminant Prism          Conj/Hex       ###.......   12%         4    ####...
 Force Lance              Conj/Tloc      ##......     19%         4    ####...


Dungeon Overview and Level Annotations

Branches:
Dungeon (5/15)             Temple (1/1) D:4

Altars:
Ashenzari
Cheibriados
Dithmenos
Gozag
Hepliaklqana
Okawaru
Qazlal
Ru
Trog
Uskayaw
Vehumet
Wu Jian
Xom
Zin
The Shining One

Annotations:
D:3 2 runed translucent doors, sokol815's ghost, amateur OpMo


Innate Abilities, Weirdness & Mutations

You can breathe blasts of noxious fumes.
Your lurid green scales are hard. (AC +6)
You cannot fit into any form of body armour.
Your system is resistant to poisons. (rPois)
You are cold-blooded and may be slowed by cold attacks.


Message History

The hound bites you.
* * * LOW HITPOINT WARNING * * *
You sock the hound! You tail-slap the hound.
The hound is heavily wounded.
The hound bites you.
* * * LOW HITPOINT WARNING * * *
You closely miss the hound.
Your tail-slap misses the hound.
The hound is heavily wounded.
The hound closely misses you. The hound bites you.
* * * LOW HITPOINT WARNING * * *
You sock the hound!
You kill the hound!
Vehumet accepts your kill.
A polar bear comes into view.
Some of the chunks of flesh in your inventory have rotted away.
You have got your breath back.
The polar bear growls angrily.
You see here a hound corpse.
You hit something. Something bites you!
You die...

#.##.##.#
#.##.##.#
#....##.#
####.##.#
#.##.######.#
#.##....h...#
#[##.###....Y#
#)##.# ...[.
#@##.. ....
#.##.. ...
#h##.. ..
#...(.. .
#.... #.#..
...... #..#.##
... .#


You could see a polar bear.

Vanquished Creatures
  An ice beast (D:8)
  A scorpion (D:8)
  3 hounds
  Crazy Yiuf (D:2)
  Jessica (D:2)
  An iguana (D:3)
  4 orc wizards
  2 worker ants (D:4)
  6 adders
  A worker ant simulacrum (D:8)
  3 oozes
  5 dart slugs
  4 worms
  3 leopard geckos
  10 orcs
  14 bats
  5 giant cockroaches
  8 hobgoblins
  7 jackals
  7 frilled lizards
  9 goblins
  A jackal skeleton (D:4)
  7 kobolds
  5 rats
109 creatures vanquished.

Notes
Turn   | Place    | Note
-------+----------+-------------------------------------------
     0 | D:1      | pkoi the Draconian Conjurer began the quest for the Orb.
     0 | D:1      | Reached XP level 1. HP: 14/14 MP: 3/3
   327 | D:1      | Reached XP level 2. HP: 20/20 MP: 1/5
   786 | D:1      | Reached skill level 5 in Conjurations
   793 | D:1      | Reached XP level 3. HP: 26/26 MP: 3/6
   941 | D:1      | Found a glowing golden altar of the Shining One.
  1677 | D:2      | Found a runed translucent door.
  1678 | D:2      | Noticed Crazy Yiuf
  1794 | D:2      | Noticed Jessica
  1802 | D:2      | Killed Jessica
  1802 | D:2      | Reached XP level 4. HP: 32/33 MP: 7/7
  1831 | D:2      | Learned a level 2 spell: Searing Ray
  1835 | D:2      | Learned a level 3 spell: Dazzling Spray
  2216 | D:2      | Found a glowing golden altar of the Shining One.
  2216 | D:2      | Found an opulent altar of Gozag.
  2476 | D:2      | Killed Crazy Yiuf
  2823 | D:3      | Reached XP level 5. HP: 36/39 MP: 8/8
  2859 | D:3      | Reached skill level 1 in Fighting
  2859 | D:3      | Reached skill level 6 in Conjurations
  2893 | D:3      | Reached skill level 1 in Hexes
  3554 | D:3      | Found a large runed translucent door.
  3554 | D:3      | Found a large runed translucent door.
  3556 | D:3      | Noticed sokol815's ghost (amateur OpMo)
  3746 | D:3      | Reached XP level 6. HP: 48/48 MP: 5/9
  4884 | D:4      | Found a staircase to the Ecumenical Temple.
  4907 | Temple   | Entered the Ecumenical Temple
  4964 | Temple   | Became a worshipper of Vehumet
  5162 | D:5      | Entered Level 5 of the Dungeon
  5274 | D:5      | You fall into a shaft and drop 3 floors!
  5398 | D:8      | Noticed a polar bear
  5399 | D:8      | Noticed an ice beast
  5411 | D:8      | Your scales start taking on a lurid green colour.
  5411 | D:8      | Reached XP level 7. HP: 51/56 MP: 3/11
  5411 | D:8      | Gained mutation: Your system is resistant to poisons.
                  | (rPois) [Green Draconian growth]
  5438 | D:8      | Noticed a polar bear
  5440 | D:8      | Mangled by a polar bear

Levels and vault maps discovered:
D:1:      moated_graveyard_arrival, layout_loops_ring, tso_altar
D:2:      layout_basic, gammafunk_temple_overflow_wave, minivault_11,
          uniq_crazy_yiuf_cottage, uniq_jessica
D:3:      layout_basic, ebering_ghost_disaster_area
D:4:      layout_rooms, minmay_temple_entry_statues_fountains, first_ration
D:5:      layout_rooms, tgw_sif, uniq_menkaure
D:8:      layout_basic, lemuel_mausoleum_altar_yredelemnul,
          amethyst_overflow_temple_binary, grunt_lair_entry_orc_guard_hut,
          serial_ice, serial_ice_o, serial_ice_d, serial_ice_j, serial_ice_a,
          serial_ice_b, serial_shops, kennysheep_mini, uniq_grum
Temple:   cyrus_circular_temple

Skill      XL: |  1  2  3  4  5  6 |
---------------+-------------------+-----
Conjurations   | 5 6 |  6.5
Dodging        | 2 3 |  3.2
Fighting       | 1 2 |  2.7
Hexes          | 1 2 |  2.2
Spellcasting   | 3 |  3.1
Long Blades    | |  0.4
Staves         | |  0.6
Stealth        | |  1.7

Action                   |  1- 3 |  4- 6 |  7- 9 || total
-------------------------+-------+-------+-------++-------
Melee: Unarmed           |     7 |       |       ||     7
       Spear             |   128 |     5 |       ||   133
       Tailslap          |    11 |     8 |     2 ||    21
       Quarterstaff      |       |    52 |    10 ||    62
       Long sword        |       |    18 |       ||    18
Throw: Dart              |     5 |    13 |       ||    18
 Cast: Magic Dart        |    34 |    73 |       ||   107
       Searing Ray       |       |    15 |       ||    15
 Abil: Breathe Noxious F |       |       |     1 ||     1
  Use: Scroll            |       |    10 |       ||    10
       Potion            |       |     6 |     1 ||     7
 Stab: Sleeping          |     3 |     1 |       ||     4
  Eat: Chunk             |     4 |    12 |       ||    16
Armor: Skin              |    39 |    65 |     8 ||   112
Dodge: Dodged            |    62 |    86 |    14 ||   162
       Rpst.: Long sword |       |    13 |       ||    13

Table legend:
 A = Non-vault XP
 B = Vault XP
 C = Vault XP percentage of total XP
 D = Non-vault monster count
 E = Vault monster count
 F = Vault count percentage of total count
                 A         B        C        D         E       F
            +---------+---------+-------+---------+---------+-------
      Total |     723 |     149 |  17.1 |     105 |       4 |   3.7
            +---------+---------+-------+---------+---------+-------
        D:1 |      57 |       0 |   0.0 |      31 |       0 |   0.0
        D:2 |      53 |      76 |  58.9 |      17 |       2 |  10.5
        D:3 |     236 |       0 |   0.0 |      31 |       0 |   0.0
        D:4 |     176 |       0 |   0.0 |      15 |       0 |   0.0
        D:5 |      51 |       0 |   0.0 |       6 |       0 |   0.0
        D:8 |     150 |      73 |  32.7 |       5 |       2 |  28.6
            +---------+---------+-------+---------+---------+-------
